AoeStats
← THL

Nomad

508655281Analyzed
4v4 RM · 8d ago on Sep 23, 2026· 55m 43s· 8 players
Game mode
Random Map
Map size
231×231
Population
200
Speed
Normal
Resources
Standard
Victory
Conquest
Starting age
Dark Age
Ending age
Imperial Age
RankedLock teamsTeams togetherTeam positionsShared explorationLock speedFull tech treeHidden civsTurbo modeCheats
Victory
Defeat
🇭🇰 Japanese · Hong Kong SAR China
1717
+11
🇭🇰 Khmer · Hong Kong SAR China
1548
+18
🇻🇳 Spanish · Vietnam
1546
+18
🇹🇼 Koreans · Taiwan
1412
+23
🇹🇼 Saxons · Taiwan
1617
-19
🇹🇼 Danes · Taiwan
1591
-18
🇨🇳 Burmese · China
1586
-17
🇹🇼 Cumans · Taiwan
1552
-16
mbxmm
6:16 Loom
12:39 Feudal Age
15:45 Castle Age
15:26 Double-Bit Axe
16:48 Bow Saw
17:40 Horse Collar
18:40 Heavy Plow
28:18 Imperial Age
26:30 Wheelbarrow
26:14 Gold Mining
27:16 Scale Barding Armor
27:22 Forging
28:33 Chain Barding Armor
29:30 Iron Casting
30:38 Bloodlines
32:33 Blast Furnace
31:50 Stone Mining
32:10 Husbandry
33:48 Plate Barding Armor
33:52 Conscription
34:19 Gold Shaft Mining
34:19 Hand Cart
35:11 Tusk Swords
35:09 Elite Battle Elephant
37:29 Crop Rotation
40:15 Light Cavalry
41:43 Double Crossbow
42:59 Stone Shaft Mining
43:49 Chemistry
43:11 Ballistics
43:30 Fletching
43:31 Heavy Scorpion
45:48 Siege Engineers
46:01 Hussar
54:11 Fishing Lines
55:50 Bodkin Arrow
THL
12:00 Feudal Age
16:48 Castle Age
15:10 Double-Bit Axe
15:13 Horse Collar
17:12 Gold Mining
17:40 Bow Saw
19:57 Loom
26:53 Husbandry
28:25 Bloodlines
28:19 Padded Archer Armor
30:29 Leather Archer Armor
35:09 Imperial Age
33:21 Wheelbarrow
35:16 Fletching
37:40 Ring Archer Armor
41:25 Elite Conquistador
44:19 Conscription
45:45 Chemistry
46:43 Gold Mining
47:35 Heavy Plow
48:36 Two-Man Saw
47:55 Light Cavalry
48:41 Scale Barding Armor
48:32 Bodkin Arrow
49:40 Hand Cart
51:46 Hussar
52:47 Chain Barding Armor
52:38 Forging
54:03 Ballistics
54:35 Plate Barding Armor
56:32 Iron Casting
Random Civ Pocket
3:59 Loom
14:39 Feudal Age
18:32 Castle Age
17:21 Double-Bit Axe
19:14 Fletching
19:34 Bow Saw
22:50 Ballistics
22:34 Bodkin Arrow
26:42 Padded Archer Armor
30:47 Husbandry
31:01 Bloodlines
34:30 Pikeman
35:18 Scale Mail Armor
53:07 Horse Collar
54:35 Heavy Plow
55:11 Wheelbarrow
55:09 Squires
55:10 Fishing Lines
56:10 Chain Mail Armor
快樂 543
5:39 Loom
12:39 Feudal Age
14:25 Double-Bit Axe
21:57 Fletching
24:23 Town Watch
35:25 Castle Age
36:26 Bow Saw
36:32 Medium Warships
37:24 Horse Collar
37:55 Fishing Lines
39:32 Gold Mining
41:56 Wheelbarrow
41:32 Bodkin Arrow
52:36 Imperial Age
50:26 Murder Holes
54:37 Chemistry
54:02 Ballistics
55:20 Conscription
海的盒子
4:42 Loom
16:13 Feudal Age
19:40 Castle Age
17:28 Fishing Lines
20:00 Gold Mining
20:00 Stone Mining
21:08 Gillnets
22:38 Wheelbarrow
23:04 Fletching
26:25 Imperial Age
24:44 Gold Shaft Mining
24:06 Bodkin Arrow
24:54 Padded Archer Armor
26:36 Scale Barding Armor
27:11 Bloodlines
27:02 Husbandry
28:17 Chemistry
27:41 Hand Cart
27:56 Chain Barding Armor
30:16 Light Cavalry
31:01 Horse Collar
32:12 Conscription
32:04 Forging
36:23 Plate Barding Armor
36:49 Chemistry
35:50 Heavy Plow
36:10 Elite Battle Elephant
37:18 Howdah
39:08 Iron Casting
38:55 Ballistics
39:41 Town Watch
47:07 Blast Furnace
50:01 Masonry
51:47 Pikeman
52:28 Scale Mail Armor
55:57 Chain Mail Armor
chaos(我愛亂來)
5:50 Loom
12:36 Feudal Age
15:41 Double-Bit Axe
17:34 Wheelbarrow
16:48 Town Watch
17:30 Horse Collar
24:57 Castle Age
24:08 Bloodlines
24:09 Scale Barding Armor
24:53 Forging
33:49 Bow Saw
33:42 Heavy Plow
34:40 Capped Ram
36:52 Ballistics
TW_Kenneth
3:07 Loom
3:32 Loom
13:07 Feudal Age
13:40 Double-Bit Axe
15:57 Fishing Lines
17:53 Forging
20:25 Town Watch
21:48 Horse Collar
23:14 Fletching
28:06 Castle Age
28:59 Gold Mining
32:20 Wheelbarrow
32:14 Bow Saw
33:55 Bodkin Arrow
41:32 Imperial Age
38:42 Pikeman
40:07 Scale Mail Armor
40:26 Squires
41:31 Iron Casting
41:11 Chain Mail Armor
41:40 Halberdier
43:14 Conscription
45:43 Plate Mail Armor
45:46 Shield Wall
49:38 Block Printing
49:34 Redemption
49:52 Hand Cart
50:37 Stone Mining
51:35 Sanctity
52:29 Gold Shaft Mining
56:24 Illumination
P0rr1dg3
8:13 Loom
12:24 Feudal Age
16:40 Castle Age
14:57 Stone Mining
16:34 Scale Mail Armor
16:40 Double-Bit Axe
17:47 Bow Saw
17:42 Squires
19:24 Forging
21:28 Arson
23:33 Chain Mail Armor
25:02 Iron Casting
26:26 Wheelbarrow
25:37 Town Watch
33:02 Horse Collar
42:09 Imperial Age
44:07 Plate Mail Armor
44:53 Hand Cart
44:51 Onager
46:19 Conscription
47:27 Siege Onager
49:57 Siege Engineers
51:18 Northmen's Fury
Connection lost

Rejoining the realm…

Still unreachable

The connection could not be restored.

Session expired

The server has moved on; the page needs a fresh start.